 Dungeon Crawl Stone Soup version 0.30-a0-913-g9934a0ce24 (webtiles) character file.

Game seed: 16935851218606058973

95 Orangeyouglad the Trooper (level 4, -2/48 HPs)
             Began as an Ogre Gladiator on Mar 19, 2023.
             Slain by Crazy Yiuf
             ... wielding a +3 quarterstaff of chaos
              (13 damage)
             ... on level 3 of the Dungeon.
             The game lasted 00:05:49 (3153 turns).

Orangeyouglad the Trooper (Ogre Gladiator)          Turns: 3153, Time: 00:05:49

Health: -2/48      AC:  3    Str: 20    XL:     4   Next: 65%
Magic:  0/4        EV: 10    Int:  9    God:
Gold:   100        SH:  0    Dex: 10    Spells: 0/3 levels left

rFire   . . .      SeeInvis .    a - +0 quarterstaff
rCold   . . .      Faith    .    (shield currently unavailable)
rNeg    . . .      Spirit   .    b - +0 robe
rPois   .          Reflect  .    c - +0 hat
rElec   .          Rampage  .    (no cloak)
rCorr   .                        (gloves unavailable)
Will    .....                    (boots unavailable)
Stlth   +                        (no amulet)
HPRegen 0.28/turn                (no ring)
MPRegen 0.09/turn                (no ring)

@: no status effects
A: large, unfitting armour, tough skin 1
a: no special abilities


You were on level 3 of the Dungeon.
You visited 1 branch of the dungeon, and saw 3 of its levels.

You collected 100 gold pieces.

Inventory:

Hand Weapons
 a - a +0 quarterstaff (weapon)
 m - a +0 halberd
Missiles
 d - 4 throwing nets (quivered)
Armour
 b - a +0 robe (worn)
 c - a +0 hat (worn)
Scrolls
 j - a scroll of magic mapping {unknown}
 k - a scroll of teleportation {unknown}
 l - a scroll of vulnerability {unknown}
 n - a scroll of amnesia
 o - 2 scrolls of identify {unknown}
 q - a scroll of noise {unknown}
Potions
 f - a potion of haste {unknown}
 g - 3 potions of heal wounds
 h - a potion of might {unknown}
 i - a potion of invisibility {unknown}
 p - 2 potions of curing {unknown}
 s - a potion of flight {unknown}


   Skills:
 + Level 3.8 Fighting
 - Level 0.2(2.2) Polearms
 + Level 3.6 Staves
 + Level 2.9 Throwing
 + Level 3.3 Dodging


You couldn't memorise any spells.
You knew the following spells:

 Your Spells              Type           Power      Damage    Failure   Level
a - Frozen Ramparts       Ice            0%         1d1       77%         3

Your spell library contained the following spells:

 Spells                   Type           Power      Damage    Failure   Level
 Apportation              Tloc           0%         N/A       38%         1
 Freeze                   Ice            0%         1d3       38%         1
 Magic Dart               Conj           0%         1d3       38%         1
 Summon Small Mammal      Summ           0%         N/A       38%         1
 Sublimation of Blood     Necr           0%         N/A       52%         2
 Hailstorm                Conj/Ice       0%         3d3       77%         3
 Petrify                  Tmut/Erth      0%         N/A       99%         4
 Irradiate                Conj/Tmut      0%         3d11      100%        5


Dungeon Overview and Level Annotations

Branches:
Dungeon (3/15)

Altars:

Shops:
D:2 :

Annotations:
D:3 Crazy Yiuf


Innate Abilities, Weirdness & Mutations

You are too large for most types of armour.
You have tough skin. (AC +1)


Message History

Memorise Frozen Ramparts, consuming 3 spell levels and leaving 0?
You start memorising the spell.
You continue memorising. x3
You finish memorising.
Spell assigned to 'a'.
Okay, then.
Okay, then.
Okay, then.
Okay, then.
Okay, then.
You open the door.
Throw: large rock
Press: ? - help, Q - select action, (/) - cycle Shift-Dir - straight line, f - Crazy Yiuf
Aim: Crazy Yiuf, wielding a +3 quarterstaff of chaos and wearing a +0 cloak (61% to hit)
You throw a large rock.
The large rock closely misses Crazy Yiuf.
Crazy Yiuf hits you with a +3 quarterstaff of chaos.
Crazy Yiuf hits you with a +3 quarterstaff of chaos!
Crazy Yiuf burns you.
You barely miss Crazy Yiuf.
Crazy Yiuf hits you with a +3 quarterstaff of chaos!
You feel your power leaking away.
Crazy Yiuf grits, "Candle shoe green!"
Crazy Yiuf attacks as you move away! Crazy Yiuf closely misses you.
Crazy Yiuf attacks as you move away!
Crazy Yiuf hits you with a +3 quarterstaff of chaos.
Crazy Yiuf attacks as you move away!
Crazy Yiuf hits you with a +3 quarterstaff of chaos!
* * * LOW HITPOINT WARNING * * *
Crazy Yiuf burns you.
* * * LOW HITPOINT WARNING * * *
You aren't carrying any items that you can evoke.
Okay, then.
It was a potion of heal wounds.
You feel much better. Crazy Yiuf barely misses you.
You completely miss Crazy Yiuf.
Crazy Yiuf hits you with a +3 quarterstaff of chaos!
* * * LOW HITPOINT WARNING * * *
Crazy Yiuf burns you.
* * * LOW HITPOINT WARNING * * *
Crazy Yiuf hits you with a +3 quarterstaff of chaos!
You die...

#########.## #.#...# #.#
#.# #.#...# #.### #.#
#.#...# #.... ###
#.#...# ##### #.#...#
♣♣♣♣♣### #.#...# ###
♣♣♣.♣..+.## #.....#
#...#♣..♣......###.#..##
#(..'.♣♣♣♣..g@.....#..#
#)..#♣♣
♣♣.+..#####..###### ###
♣♣#### #)......#
###.####.# #.(.# #.#
########.### #.#
#.........# #<#
########### #.# ###


You could see Crazy Yiuf.

Vanquished Creatures
  Robin (D:3)
  2 adders
  A worm (D:2)
  A dart slug (D:2)
  3 endoplasms
  2 giant cockroaches
  15 goblins
  9 hobgoblins
  3 jackals (D:1)
  3 kobolds
  A quokka (D:2)
  2 ball pythons
  5 bats
  A frilled lizard (D:3)
  4 rats
53 creatures vanquished.

Vanquished Creatures (others)
  A plant (D:2)
1 creature vanquished.

Grand Total: 54 creatures vanquished

Notes
Turn   | Place    | Note
-------+----------+-------------------------------------------
     0 | D:1      | Orangeyouglad the Ogre Gladiator began the quest for the
                  | Orb.
     0 | D:1      | Reached XP level 1. HP: 22/22 MP: 1/1
   246 | D:1      | Reached XP level 2. HP: 26/29 MP: 2/2
  1292 | D:2      | Got Even Beginners Can Use Willworking!
  1378 | D:2      | Reached XP level 3. HP: 37/37 MP: 3/3
  1788 | D:2      | Found Hasm's Book Emporium.
  2239 | D:2      | Found a faded altar of an unknown god.
  2330 | D:3      | Found a runed translucent door.
  2331 | D:3      | Noticed Crazy Yiuf
  2534 | D:3      | Reached XP level 4. HP: 43/45 MP: 4/4
  2565 | D:3      | Noticed Robin
  2578 | D:3      | Killed Robin
  3141 | D:3      | Learned a level 3 spell: Frozen Ramparts
  3150 | D:3      | HP: 1/48 [Crazy Yiuf/+3 quarterstaff of chaos (6)]
  3153 | D:3      | Slain by Crazy Yiuf

Illustrated notes

Levels and vault maps discovered:
D:1:      amcnicky_arrival_abandoned_market, layout_basic
D:2:      layout_basic, dreamdust_ecumenical_altar_hidden_monk_grotto,
          serial_shops, nicolae_shop_hallway_plus
D:3:      layout_basic, uniq_robin, uniq_crazy_yiuf_cottage

Skill      XL: |  1  2  3 |
---------------+----------+-----
Fighting       | 3 |  3.8
Dodging        | 3 |  3.3
Polearms       | |  0.2
Staves         | |  3.6
Throwing       | |  2.9

Action                     |  1- 3 |  4- 6 || total
---------------------------+-------+-------++-------
  Melee: Quarterstaff      |   101 |    37 ||   138
         Halberd           |    16 |       ||    16
  Throw: Large rock        |       |     1 ||     1
    Use: Scroll            |       |     2 ||     2
         Potion            |       |     1 ||     1
   Stab: Sleeping          |     2 |       ||     2
 Armour: Robe              |    26 |    10 ||    36
  Dodge: Dodged            |    64 |    25 ||    89

Table legend: (Time is in decaauts)
 A = Elapsed time spent in this place.
 B = Non-inter-level travel time spent in this place.
 C = Inter-level travel time spent in this place.
 D = Time resting spent in this place.
 E = Time spent auto-exploring this place.
 F = Levels seen in this place.
 G = Mean time per level.
                   A        B        C        D        E       F      G
               +--------+--------+--------+--------+--------+-----+--------+
         Total |   3177 |   3096 |     81 |     90 |   2391 |   3 | 1059.0 |
       Dungeon |   3177 |   3096 |     81 |     90 |   2391 |   3 | 1059.0 |
               +--------+--------+--------+--------+--------+-----+--------+

Top non-repeatable levels by time:
     D:1: 1194 daAuts
     D:2: 1107 daAuts
     D:3: 875 daAuts
